 Dungeon Crawl Stone Soup version 0.27-a0-1105-g946c659c87 (webtiles) character file.

Game seed: 858904226613200777

294 kae the Chopper (level 6, -12/56 HPs)
             Began as a Hill Orc Fighter on Apr 29, 2021.
             Killed by divine providence
             ... invoked by an orc priest
              (16 damage)
             ... on level 4 of the Dungeon.
             The game lasted 00:02:07 (3629 turns).

kae the Chopper (Hill Orc Fighter)                  Turns: 3629, Time: 00:02:08

Health: -12/56     AC:  7    Str: 21    XL:     6   Next: 33%
Magic:  6/6        EV:  7    Int:  8    God:
Gold:   936        SH:  9    Dex: 10    Spells: 5/5 levels left

rFire    . . .     SeeInvis .   i - +6 war axe (elec)
rCold    . . .     Faith    .   c - +0 kite shield
rNeg     . . .     Spirit   .   b - +0 scale mail
rPois    .         Reflect  .   (no helmet)
rElec    .         Harm     .   (no cloak)
rCorr    .         Rampage  .   (no gloves)
Will     .....                  (no boots)
Stlth    ..........             (no amulet)
HPRegen  0.18/turn              (no ring)
MPRegen  0.10/turn              (no ring)

@: no status effects
A: no striking features
a: Convert to Beogh


You were on level 4 of the Dungeon.
You visited 1 branch of the dungeon, and saw 4 of its levels.

You collected 936 gold pieces.

Inventory:

Hand Weapons
 a - a +0 war axe
 i - a +6 war axe of electrocution (weapon)
Armour
 b - a +0 scale mail (worn)
 c - a +0 kite shield (worn)
Jewellery
 e - a +6 ring of intelligence
 h - a ring of positive energy
Wands
 p - a wand of iceblast (13)
Scrolls
 f - a scroll of magic mapping
 o - a scroll of noise {unknown}
Potions
 d - a potion of might
 g - a potion of flight
 j - 2 potions of heal wounds
 k - 2 potions of lignification
 l - 2 potions of curing {unknown}
 m - a potion of attraction {unknown}
 n - a potion of mutation {unknown}


   Skills:
 + Level 5.1 Fighting
 * Level 6.3 Axes
 + Level 4.7 Armour
 - Level 3.2 Shields


You had 5 spell levels left.
You didn't know any spells.
Your spell library contained the following spells:

 Spells                   Type           Power      Damage    Failure   Level
 Beastly Appendage        Tmut           0%         N/A       99%         1
 Wereblood                Tmut           0%         N/A       100%        2
 Spider Form              Tmut/Pois      0%         N/A       100%        3
 Ice Form                 Ice/Tmut       0%         N/A       100%        4
 Hydra Form               Tmut           0%         N/A       100%        5


Dungeon Overview and Level Annotations

Branches:
Dungeon (4/15)
 Temple: D:4-7

Altars:
Wu Jian
Yredelemnul


Message History

The orc hits you but does no damage.
You barely miss the orc priest.
The orc priest is severely wounded.
The orc priest threatens, "By the altar or by the axe, you will meet Beogh!"
You hit the orc priest.
The orc priest mumbles some strange prayers to Beogh against you.
Pain shoots through your body!
The orc hits you from afar with a +0 trident.
You block the orc priest's attack. x2
You are too injured to fight recklessly!
You are too injured to fight recklessly!
You are too injured to fight recklessly!
You are too injured to fight recklessly!
You hit the orc priest.
The orc priest is almost dead.
You closely miss the orc priest.
The orc priest shouts, "Surrender to Beogh and we'll let you live!"
The orc priest shouts, "Join the one true god or die!"
The orc hits you from afar with a +0 trident.
The orc priest hits you with a +0 club.
The orc priest hits you with a +0 hand axe!
* * * LOW HITPOINT WARNING * * *
You block the orc's attack.
The orc priest looks encouraged for a moment.
You hit the orc priest but do no damage.
The orc priest is almost dead.
You slash the orc priest!
You kill the orc priest!
The orc priest hits you with a +0 club.
* * * LOW HITPOINT WARNING * * *
You block the orc's attack.
You barely miss the orc priest.
The orc priest is almost dead.
The orc priest invokes the aid of Beogh against you.
Beogh smites you!
* * * LOW HITPOINT WARNING * * *
The orc barely misses you.
The orc priest invokes the aid of Beogh against you.
Beogh smites you!
You die...

..........######.
#............._..
#######.#.####### #.#.#
#######.#.#
........#.##########
#########..........#
#........# #.######@#
#.##...)o).#
#########.##..o.......
).........##..##.####.#
############.. #.# # #.
#.# # #.# #>#


You could see an orc priest and an orc.

Vanquished Creatures
  A hound (D:4)
  2 orc priests
  Jessica (D:3)
  An iguana (D:4)
  An orc wizard (D:4)
  4 gnolls
  An adder (D:1)
  2 worms
  A dart slug (D:1)
  4 orcs
  6 ball pythons
  3 endoplasms
  A giant cockroach (D:1)
  3 goblins (D:3)
  8 hobgoblins
  14 jackals
  4 quokkas
  2 bats
  A frilled lizard (D:2)
  5 kobolds
  5 rats
70 creatures vanquished.

Notes
Turn   | Place    | Note
-------+----------+-------------------------------------------
     0 | D:1      | kae the Hill Orc Fighter began the quest for the Orb.
     0 | D:1      | Reached XP level 1. HP: 19/19 MP: 1/1
   106 | D:1      | Reached skill level 3 in Axes
   110 | D:1      | Reached XP level 2. HP: 24/27 MP: 2/2
   936 | D:1      | Identified a scroll of acquirement
   936 | D:1      | Acquired a +6 war axe of electrocution
   976 | D:2      | Reached XP level 3. HP: 28/33 MP: 3/3
   986 | D:1      | Reached skill level 4 in Axes
  1294 | D:2      | Noticed an ogre
  1684 | D:2      | Found a faded altar of an unknown god.
  1955 | D:3      | Reached XP level 4. HP: 40/40 MP: 4/4
  2005 | D:3      | Acquired 739 gold pieces
  2110 | D:3      | Found an ornate altar of the Wu Jian Council.
  2186 | D:3      | Noticed Jessica
  2780 | D:3      | Killed Jessica
  2781 | D:3      | Reached skill level 5 in Axes
  2781 | D:3      | Reached XP level 5. HP: 47/47 MP: 5/5
  3321 | D:4      | Noticed an ogre
  3358 | D:3      | Reached skill level 5 in Fighting
  3358 | D:3      | Reached skill level 6 in Axes
  3358 | D:3      | Reached XP level 6. HP: 20/56 MP: 6/6
  3584 | D:4      | Found a basalt altar of Yredelemnul.
  3629 | D:4      | Killed from afar by an orc priest

Illustrated notes

Levels and vault maps discovered:
D:1:      eino_arrival_cavern_a, layout_basic, minivault_19, st_stairs_5,
          dk_noncrumbling_4
D:2:      layout_rooms, hellmonk_ecumenical_altar_heavens_door
D:3:      layout_basic, pdpol_wu_jian_five_deadly_venoms, uniq_jessica
D:4:      layout_loops_ring, overflow_temple_1_default, minmay_misc_feat_tiny,
          nicolae_zen_rock_garden, minmay_mini_ossuary, uniq_crazy_yiuf_cottage

Skill      XL: |  1  2  3  4  5 |
---------------+----------------+-----
Axes           | 3 4 5 6 |  6.3
Fighting       | 4 5 |  5.1
Armour         | 4 |  4.7
Shields        | |  3.2

Action                   |  1- 3 |  4- 6 || total
-------------------------+-------+-------++-------
Melee: War axe           |    91 |    62 ||   153
  Use: Scroll            |     4 |     3 ||     7
Armor: Scale mail        |    77 |    16 ||    93
Dodge: Dodged            |    45 |    23 ||    68
Block: Kite shield       |    74 |    40 ||   114

Table legend: (Time is in decaauts)
 A = Elapsed time spent in this place.
 B = Non-inter-level travel time spent in this place.
 C = Inter-level travel time spent in this place.
 D = Time resting spent in this place.
 E = Time spent auto-exploring this place.
 F = Levels seen in this place.
 G = Mean time per level.
                   A        B        C        D        E       F      G
               +--------+--------+--------+--------+--------+-----+--------+
         Total |   3719 |   3585 |    134 |    785 |   2277 |   4 |  929.8 |
       Dungeon |   3719 |   3585 |    134 |    785 |   2277 |   4 |  929.8 |
               +--------+--------+--------+--------+--------+-----+--------+

Top non-repeatable levels by time:
     D:1: 1451 daAuts
     D:2: 1028 daAuts
     D:3: 899 daAuts
     D:4: 340 daAuts
